 Dungeon Crawl Stone Soup version 0.20.1-1-g8b1a95d (webtiles) character file.

641 tidbits the Insei (level 7, -1/55 HPs)
             Began as a Demigod Transmuter on Aug 12, 2017.
             Slain by an ogre
             ... wielding a +0 giant spiked club
              (19 damage)
             ... on level 7 of the Dungeon.
             The game lasted 00:22:22 (2288 turns).

tidbits the Insei (Demigod Transmuter)              Turns: 2288, Time: 00:22:23

Health: -1/55      AC:  3    Str: 13    XL:     7   Next: 5%
Magic:  7/13       EV: 13    Int: 21    God:
Gold:   270        SH:  0    Dex: 16    Spells: 3/10 levels left

rFire    + . .     SeeInvis +   l - +1 dagger (protect)
rCold    . . .     Gourm    .   (no shield)
rNeg     . . .     Faith    .   B - +0 robe
rPois    .         Spirit   .   (no helmet)
rElec    +         Reflect  .   (no cloak)
rCorr    .         Harm     .   G - +0 pair of gloves
MR       .....                  (no boots)
Stlth    +.........             (no amulet)
Regen    0.2/turn               H - ring of see invisible
MPRegen  0.2/turn               (no ring)

@: very slightly contaminated
A: fire resistance 1, high mp 1, electricity resistance
a: no special abilities


You were on level 7 of the Dungeon.
You were not hungry.

You visited 1 branch of the dungeon, and saw 7 of its levels.

You collected 270 gold pieces.

Inventory:

Hand Weapons
 h - a +0 hunting sling
 l - a +1 dagger of protection (weapon)
   (You took it off a kobold on level 2 of the Dungeon)
Missiles
 a - 35 arrows
 f - 101 stones (quivered)
 q - 30 bolts
 C - 16 poisoned needles
Armour
 t - a +0 ring mail
 v - a +0 buckler
 B - a +0 robe (worn)
 G - a +0 pair of gloves (worn)
Magical Staves
 u - an uncursed staff of death {unknown}
   (You found it on level 5 of the Dungeon)
Jewellery
 H - a ring of see invisible (left hand)
   (You found it on level 2 of the Dungeon)
Wands
 m - a wand of random effects (20/48)
Scrolls
 e - a scroll of amnesia
 i - a scroll of identify
 j - a scroll of fog {unknown}
 k - 3 scrolls of remove curse
 n - 3 scrolls of teleportation
 w - a scroll of noise {unknown}
 z - a scroll of enchant weapon {unknown}
 A - a scroll of immolation {unknown}
 E - a scroll of blinking {unknown}
Potions
 b - a potion of cancellation
 g - 2 potions of heal wounds
 p - a potion of flight
 x - 2 potions of resistance
 F - a potion of lignification
Books
 c - a book of Changes

   Spells                             Type                      Level
   a - Beastly Appendage              Transmutation                1
   b - Sticks to Snakes               Transmutation                2
   c - Spider Form                    Transmutation/Poison         3
   d - Ice Form                       Ice/Transmutation            4
   e - Blade Hands                    Transmutation                5
 y - a book of Cantrips
   (You found it on level 4 of the Dungeon)

   Spells                             Type                      Level
   a - Confusing Touch                Hexes                        1
   b - Animate Skeleton               Necromancy                   1
   c - Summon Small Mammal            Summoning                    1
   d - Apportation                    Translocation                1
Comestibles
 d - 5 bread rations
 o - 3 meat rations
 r - a chunk of flesh


   Skills:
 + Level 2.2 Fighting
 + Level 2.2 Dodging
 - Level 7.0 Unarmed Combat
 - Level 2.0 Spellcasting
 - Level 2.2 Transmutations


You had 3 spell levels left.
You knew the following spells:

 Your Spells              Type           Power        Failure   Level  Hunger
e - Beastly Appendage     Tmut           ##....       6%          1    #......
k - Sticks to Snakes      Tmut           ##......     9%          2    ##.....
n - Animate Skeleton      Necr           N/A          14%         1    #......
p - Spider Form           Tmut/Pois      #.........   28%         3    ###....


Dungeon Overview and Level Annotations

Branches:
Dungeon (7/15)             Temple (0/1) D:5

Annotations:
D:3 Feta's ghost, amateur FoAM


Innate Abilities, Weirdness & Mutations

You have an increased reservoir of magic. (+10% MP)
Your flesh is heat resistant. (rF+)
You are resistant to electric shocks. (rElec)


Message History

Found 17 gold pieces.
You feel sick.
Found a dagger.
You feel sick.
You feel sick.
You now have 270 gold pieces (gained 17).
Your ball python withers and dies!
You feel sick.
Your transformation has ended.
Your +1 dagger of protection unmelds from your body.
Your +0 pair of gloves unmelds from your body.
Your +0 robe unmelds from your body.
Your +1 dagger of protection hums with potential!
You feel sick.
You see here a dagger.
You feel sick.
You see here a dagger.
You feel sick.
You feel sick.
You are no longer poisoned.
Found 16 stones.
f - 101 stones (gained 16)
A worker ant comes into view.
Casting: Spider Form
Confirm with . or Enter, or press ? or * to list all spells.
You create a snake!
You now have 35 arrows.
Casting: Sticks to Snakes
Confirm with . or Enter, or press ? or * to list all spells.
You turn into a venomous arachnid creature.
Your +1 dagger of protection melds into your body.
Your +0 pair of gloves melds into your body.
Your +0 robe melds into your body.
Your +1 dagger of protection goes still.
You swap places.
The worker ant twitches its antennae in your direction.
You hit the worker ant but do no damage.
The worker ant is poisoned.
The worker ant bites you.
* * * LOW HITPOINT WARNING * * *
Your ball python barely misses the worker ant.
Your ball python closely misses the worker ant.
You hit the worker ant but do no damage.
The worker ant looks as sick as possible!
The worker ant is moderately wounded.
Your transformation is almost over.
The worker ant completely misses you.
Your ball python bites the worker ant but does no damage.
Your ball python grabs the worker ant.
Your ball python constricts the worker ant.
You hit the worker ant but do no damage.
The worker ant looks as sick as possible!
The worker ant is moderately wounded.
The worker ant bites you.
* * * LOW HITPOINT WARNING * * *
Your ball python bites the worker ant but does no damage.
Your ball python constricts the worker ant.
You bite the worker ant!
You kill the worker ant!
Your Fighting skill increases to level 2!
Your Dodging skill increases to level 2!
Your transformation has ended.
Your +1 dagger of protection unmelds from your body.
Your +0 pair of gloves unmelds from your body.
Your +0 robe unmelds from your body.
Your +1 dagger of protection hums with potential!
A howler monkey comes into view.
Evoke which item? (* to show all) (? for menu, Esc to quit)
Aiming: Random Effects (will waste charges)
Press: ? - help, Shift-Dir - straight line, f - howler monkey
Aim: a howler monkey (resting)
The bolt of negative energy hits the howler monkey.
The howler monkey is drained!
You kill the howler monkey!
You have reached level 7!
Evoking this partially-identified wand wasted a few charges.
You swap places.
As you read the scroll of identify, it crumbles to dust.
F - a potion of lignification
Okay, then.
Adjust (i)tems, (s)pells, or (a)bilities?
Adjust which item? (? for menu, Esc to quit)
H - 2 scrolls of identify Adjust to which letter? (? for menu, Esc to quit)
i - 2 scrolls of identify;
H - a ring of see invisible (left hand)
As you read the scroll of identify, it crumbles to dust.
m - a wand of random effects (20/48)
Your ball python withers and dies!
Found a sapphire potion.
An ogre comes into view. It is wielding a giant spiked club.
The ogre shouts!
Casting: Spider Form
Confirm with . or Enter, or press ? or * to list all spells.
You miscast Spider Form.
You are very lightly contaminated with residual magic.
You feel weak for a moment. The ogre misses you.
Casting: Spider Form
Confirm with . or Enter, or press ? or * to list all spells.
You miscast Spider Form.
Nothing appears to happen.
The ogre hits you with a giant spiked club!!
You die...

.........#
#..###.##
#.......#
#.####..#####.
#.# #.....!..
#.# #.##.....
#.# #.# .####
#.####O# # #####
#....@.# # #...#
#.###### # ###.#
##.## #
#.###...## #
#........# #
#####....#
##.#.#
############.#.#
.............#.#


You could see an ogre.

Vanquished Creatures
  A water moccasin (D:6)
  An ogre (D:6)
  2 bullfrogs (D:6)
  A scorpion (D:5)
  A howler monkey (D:7)
  Natasha (D:3)
  An iguana (D:5)
  3 worker ants
  A hound skeleton (D:6)
  2 adders
  An ooze (D:1)
  2 worms
  2 dart slugs (D:1)
  3 leopard geckos
  An orc (D:6)
  4 giant cockroaches
  6 goblins
  2 hobgoblins (D:2)
  2 quokkas
  A ball python (D:1)
  6 bats
  4 frilled lizards
  3 kobolds
  14 rats
65 creatures vanquished.

Vanquished Creatures (collateral kills)
  A killer bee zombie (D:5)
  An adder (D:2)
  An ooze (D:6)
  A leopard gecko (D:2)
  3 hobgoblins
  A quokka (D:2)
  A bat (D:2)
  A frilled lizard (D:2)
  A leopard gecko zombie (D:5)
  2 rats
13 creatures vanquished.

Grand Total: 78 creatures vanquished

Notes
Turn   | Place    | Note
-------+----------+-------------------------------------------
     0 | D:1      | tidbits the Demigod Transmuter began the quest for the Orb.
     0 | D:1      | Reached XP level 1. HP: 15/15 MP: 5/5
   211 | D:2      | Reached skill level 3 in Unarmed Combat
   267 | D:1      | Reached skill level 1 in Fighting
   383 | D:1      | Reached XP level 2. HP: 19/23 MP: 5/7
   409 | D:1      | Learned a level 2 spell: Sticks to Snakes
   464 | D:1      | Reached skill level 2 in Spellcasting
   483 | D:1      | Reached skill level 2 in Transmutations
   552 | D:1      | Reached XP level 3. HP: 14/29 MP: 5/8
   558 | D:1      | Learned a level 3 spell: Spider Form
   938 | D:3      | Noticed Feta's ghost (amateur FoAM)
  1112 | D:3      | Noticed Natasha
  1119 | D:3      | Killed Natasha
  1119 | D:3      | Reached skill level 4 in Unarmed Combat
  1119 | D:3      | Reached XP level 4. HP: 24/36 MP: 3/9
  1133 | D:3      | Found a sparkling altar of Nemelex Xobeh.
  1246 | D:4      | Learned a level 1 spell: Animate Skeleton
  1273 | D:5      | Entered Level 5 of the Dungeon
  1439 | D:5      | Found a basalt altar of Yredelemnul.
  1459 | D:6      | Noticed an ice beast
  1484 | D:6      | HP: 3/36 [ice beast (13)]
  1600 | D:5      | Reached skill level 5 in Unarmed Combat
  1600 | D:5      | Reached XP level 5. HP: 20/41 MP: 4/10
  1797 | D:6      | Noticed an ogre
  1808 | D:6      | Killed an ogre
  1817 | D:6      | Reached skill level 6 in Unarmed Combat
  1817 | D:6      | Reached XP level 6. HP: 48/48 MP: 5/11
  1834 | D:6      | Found a shattered altar of Ashenzari.
  1934 | D:5      | Found a shimmering altar of Xom.
  2025 | D:5      | Found a staircase to the Ecumenical Temple.
  2110 | D:6      | Noticed a water moccasin
  2125 | D:6      | Killed a water moccasin
  2125 | D:6      | Reached skill level 7 in Unarmed Combat
  2125 | D:6      | HP: 4/48 [poisoned by a water moccasin]
  2127 | D:6      | Gained mutation: Your flesh is heat resistant. (rF+) [potion of mutation]
  2127 | D:6      | Gained mutation: You are resistant to electric shocks. (rElec) [potion of mutation]
  2237 | D:7      | Reached skill level 2 in Fighting
  2237 | D:7      | Reached skill level 2 in Dodging
  2251 | D:7      | Reached XP level 7. HP: 11/55 MP: 9/13
  2288 | D:7      | Slain by an ogre

Skill      XL: |  1  2  3  4  5  6 |
---------------+-------------------+-----
Unarmed Combat | 3 4 5 6 7 |  7.0
Fighting       | 1 2 |  2.2
Spellcasting   | 2 |  2.0
Transmutations | 2 |  2.2
Dodging        | 2 |  2.2

Action                   |  1- 3 |  4- 6 |  7- 9 || total
-------------------------+-------+-------+-------++-------
Melee: Unarmed           |    32 |    66 |       ||    98
       Dagger            |    82 |    17 |       ||    99
       Kick              |    11 |       |       ||    11
       Headbutt          |     4 |       |       ||     4
 Cast: Beastly Appendage |    16 |       |       ||    16
       Sticks to Snakes  |    10 |    12 |       ||    22
       Spider Form       |     5 |    15 |       ||    20
Evoke: Wand              |       |     2 |     1 ||     3
  Use: Scroll            |     1 |     5 |     2 ||     8
       Potion            |       |     5 |       ||     5
 Stab: Sleeping          |     5 |       |       ||     5
       Distracted        |       |     3 |       ||     3
  Eat: Chunk             |     2 |     2 |       ||     4
       Meat ration       |       |     1 |       ||     1
Armor: Robe              |    29 |    10 |       ||    39
       Skin              |     2 |     5 |       ||     7
Dodge: Dodged            |    57 |    55 |     1 ||   113

Table legend:
 A = Turns spent in this place as a percentage of turns spent in the entire game.
 B = Non-inter-level travel turns spent in this place as a percentage of non-inter-level travel turns spent in the entire game.
 C = Inter-level travel turns spent in this place as a percentage of turns spent in this place.
 D = Turns resting spent in this place as a percentage of non-inter-level travel turns spent in this place.
 E = Turns spent auto-exploring this place as a percentage of non-inter-level travel turns spent in this place.
 F = Non-inter-level travel turns spent in this place divided by the number of levels of this place that you've seen.
                   A       B       C       D       E      F
               +-------+-------+-------+-------+-------+----------------------
         Total | 100.0 | 100.0 |   0.0 |   0.0 |   0.0 | 314.9
       Dungeon | 100.0 | 100.0 |   0.0 |   0.0 |   0.0 | 314.9
               +-------+-------+-------+-------+-------+----------------------

Table legend:
 A = Kills in this place as a percentage of kills in entire the game.
 B = Kills by you in this place as a percentage of kills by you in the entire game.
 C = Kills by friends in this place as a percentage of kills by friends in the entire game.
 D = Other kills in this place as a percentage of other kills in the entire game.
 E = Experience gained in this place as a percentage of experience gained in the entire game.
 F = Experience gained in this place divided by the number of levels of this place that you have seen.
                   A       B       C       D       E      F
               +-------+-------+-------+-------+-------+----------------------
         Total | 100.0 | 100.0 | 100.0 |  -nan | 100.0 | 130.9
       Dungeon | 100.0 | 100.0 | 100.0 |  -nan | 100.0 | 130.9
               +-------+-------+-------+-------+-------+----------------------

Vault maps used:
D:1:      erik_arrival_orb_chamber, st_stairs_9, minmay_small_reverse_x
D:2:      first_bread
D:3:      nemelex_xobeh_ov_fountains_minmay, uniq_natasha, uniq_robin
D:4:      minmay_item_behind_shaft
D:5:      old_standard_altar, minmay_temple_entry_nine_rooms, basic_altar
D:6:      ashenzari_conservatory_becter, cheibrodos_worm_habitat, uniq_sigmund
D:7:      nicolae_overflow_hidden_temple
